 Dungeon Crawl Stone Soup version 0.21.1-1-g345015f (webtiles) character file.

97 wilfster70 the Twirler (level 4, 0/36 HPs)
             Began as a Demonspawn Gladiator on June 29, 2018.
             Slain by an ogre
             ... wielding a +0 giant club
              (12 damage)
             ... on level 2 of the Dungeon.
             The game lasted 00:03:59 (1238 turns).

wilfster70 the Twirler (Demonspawn Gladiator)       Turns: 1238, Time: 00:04:00

Health: 0/36       AC:  5    Str: 19 (21) XL:     4   Next: 42%
Magic:  4/4        EV: 12    Int:  8 (9)  God:
Gold:   49         SH:  0    Dex: 13 (14) Spells: 3/3 levels left

rFire    . . .     SeeInvis .   a - +0 quarterstaff
rCold    + . .     Gourm    .   (shield currently unavailable)
rNeg     . . .     Faith    .   b - +0 leather armour
rPois    .         Spirit   .   c - +0 helmet
rElec    .         Reflect  .   (no cloak)
rCorr    .         Harm     .   t - +0 pair of gloves
MR       .....                  (no boots)
Stlth    +.........             (no amulet)
HPRegen  0.12/turn              (no ring)
MPRegen  0.09/turn              (no ring)

@: mighty
A: talons 1, cold resistance 1, powered by pain 1
a: no special abilities


You were on level 2 of the Dungeon.
You were not hungry.

You visited 1 branch of the dungeon, and saw 2 of its levels.

You collected 49 gold pieces.

Inventory:

Hand Weapons
 a - a +0 quarterstaff (weapon)
Missiles
 d - 3 throwing nets (quivered)
 k - a stone
 u - 19 sling bullets
Armour
 b - a +0 leather armour (worn)
 c - a +0 helmet (worn)
 t - a +0 pair of gloves (worn)
Scrolls
 e - a scroll of enchant armour {unknown}
 g - 5 scrolls of identify {unknown}
 i - 2 scrolls of fog {unknown}
 j - a scroll of fear {unknown}
 n - a scroll of random uselessness {unknown}
 q - a scroll of teleportation {unknown}
 r - a scroll of magic mapping {unknown}
 s - 3 scrolls of noise {unknown}
 w - a scroll of blinking {unknown}
Potions
 o - a potion of curing {unknown}
 p - a potion of magic {unknown}
 x - a potion of heal wounds {unknown}
Comestibles
 f - a ration
 v - 3 chunks of flesh


   Skills:
 + Level 3.6 Fighting
 + Level 3.9 Staves
 - Level 1.7 Throwing
 - Level 2.6 Dodging


You had 3 spell levels left.
You didn't know any spells.

Dungeon Overview and Level Annotations

Branches:
Dungeon (2/15)

Altars:
Cheibriados


Innate Abilities, Weirdness & Mutations

You have sharp toenails.
Your flesh is cold resistant. (rC+)
You sometimes gain a little power by taking damage.


Message History

The adder is moderately wounded.
The adder closely misses you.
It was a potion of degeneration.
There was something very wrong with that liquid.
You feel weakened.
You feel dopey.
You feel clumsy. The adder bites you but does no damage.
The adder barely misses you.
It was a potion of cancellation.
Your magical effects are unravelling.
You feel magically purged.
You feel a little less mighty now. The adder bites you but does no damage.
It was a potion of might.
You feel very mighty all of a sudden. The adder barely misses you.
You thump the adder!
You kill the adder!
You sock the ogre! Your kick misses the ogre.
The ogre is severely wounded.
The ogre hits you with a giant club!
You die...

#####........##.##.#
.............).)#
#.##........#.#### #.
#........#..# #
#!.......##.# #........
#.# #..##.#.. #.# .. #O#
#@# #.# #.#############
##.###.............#
..............##...[####
....###..####.##.##.....
.# #..#.......##.####
#.....#.#####.# ##
#.......#####.# #.


You could see an ogre.

Vanquished Creatures
  4 adders
  An ooze (D:2)
  6 dart slugs
  A leopard gecko (D:1)
  3 bats
  3 giant cockroaches
  7 goblins
  4 hobgoblins
  3 jackals (D:1)
  5 frilled lizards
  3 kobolds (D:1)
  6 rats
46 creatures vanquished.

Notes
Turn   | Place    | Note
-------+----------+-------------------------------------------
     0 | D:1      | wilfster70 the Demonspawn Gladiator began the quest for the Orb.
     0 | D:1      | Reached XP level 1. HP: 16/16 MP: 1/1
   311 | D:1      | Gained mutation: You have sharp toenails. [demonic ancestry]
   311 | D:1      | Reached XP level 2. HP: 23/23 MP: 2/2
   425 | D:1      | Gained mutation: Your flesh is cold resistant. (rC+) [demonic ancestry]
   425 | D:1      | Reached XP level 3. HP: 27/28 MP: 3/3
  1029 | D:2      | Found a snail-covered altar of Cheibriados.
  1102 | D:2      | Gained mutation: You sometimes gain a little power by taking damage. [demonic ancestry]
  1102 | D:2      | Reached XP level 4. HP: 35/35 MP: 4/4
  1204 | D:2      | Noticed an ogre
  1238 | D:2      | Slain by an ogre

Skill      XL: |  1  2  3 |
---------------+----------+-----
Staves         | 3 |  3.9
Fighting       | 3 |  3.6
Throwing       | |  1.7
Dodging        | |  2.6

Action                   |  1- 3 |  4- 6 || total
-------------------------+-------+-------++-------
Melee: Quarterstaff      |   108 |    20 ||   128
       Kick              |    11 |     5 ||    16
  Use: Potion            |       |     3 ||     3
  Eat: Chunk             |     1 |       ||     1
Armor: Leather armour    |    51 |    10 ||    61
Dodge: Dodged            |    68 |    25 ||    93
